NCAA
FLORIDA STATE SEMINOLES @ NEBRASKA CORNHUSKERS
04/23/2027
 
TOP OF THE 1ST
Florida State Seminoles batting - Pitching for Nebraska Cornhuskers : RHP Tyrone Ball
Pitching: RHP Tyrone Ball
Batting: LHB Paul Cotton 0-0: Ball
1-0: Called Strike
1-1: Swinging Strike
1-2: Ball
2-2: Foul Ball, location: 2F
2-2: Ball
3-2: Strikes out swinging
Batting: RHB Lorenzo Cintrón 0-0: Called Strike
0-1: Ball
1-1: Foul Ball, location: 2F
1-2: Foul Ball, location: 2F
1-2: Ball
2-2: Ball
3-2: Base on Balls
Batting: RHB Rubén Hernández 0-0: Called Strike
0-1: Swinging Strike
Lorenzo Cintrón is caught stealing 2nd base
0-2: Ball
1-2: Strikes out looking
Top of the 1st over - 0 run(s), 0 hit(s), 0 error(s), 0 left on base; Florida State 0 - Nebraska 0
BOTTOM OF THE 1ST
Nebraska Cornhuskers batting - Pitching for Florida State Seminoles : RHP Greg Thornton
Pitching: RHP Greg Thornton
Batting: RHB Júlio Franco 0-0: Swinging Strike
0-1: Ball
1-1: Ball
2-1: Foul Ball, location: 2F
2-2: Ground out 1-3 (Groundball, 13S)
Batting: SHB Pete Albert 0-0: Fly out, F5 (Line Drive, 5L)
Batting: LHB José Pérez 0-0: Ground out 4-3 (Groundball, 34)
Bottom of the 1st over - 0 run(s), 0 hit(s), 0 error(s), 0 left on base; Florida State 0 - Nebraska 0
TOP OF THE 2ND
Florida State Seminoles batting - Pitching for Nebraska Cornhuskers : RHP Tyrone Ball
Batting: RHB Quentin Underwood 0-0: Foul Ball, location: 2F
0-1: Ball
1-1: Ground out 6-3 (Groundball, 6)
Batting: RHB Eugene Fisher 0-0: Ball
1-0: Foul Ball, location: 2F
1-1: Called Strike
1-2: Ball
2-2: Strikes out swinging
Batting: RHB John Newman 0-0: Ball
1-0: Ball
2-0: Fly out, F9 (Flyball, 9LS)
Top of the 2nd over - 0 run(s), 0 hit(s), 0 error(s), 0 left on base; Florida State 0 - Nebraska 0
BOTTOM OF THE 2ND
Nebraska Cornhuskers batting - Pitching for Florida State Seminoles : RHP Greg Thornton
Batting: LHB Phil Krieger 0-0: Fly out, F7 (Flyball, 7LS)
Batting: RHB Michael Reed 0-0: Swinging Strike
0-1: SINGLE (Groundball, 6D)
Batting: LHB Darrell Beard 0-0: Ground out U3 (Groundball, 34)
Michael Reed to second
Batting: RHB Jeffery Taylor 0-0: Foul Ball, location: 2F
0-1: Ball
1-1: Ground out 3-1 (Groundball, 34)
Bottom of the 2nd over - 0 run(s), 1 hit(s), 0 error(s), 1 left on base; Florida State 0 - Nebraska 0
TOP OF THE 3RD
Florida State Seminoles batting - Pitching for Nebraska Cornhuskers : RHP Tyrone Ball
Batting: RHB Dennis Curran 0-0: Fly out, F8 (Flyball, 8RS)
Batting: RHB José Sosa 0-0: Ball
1-0: SINGLE (Groundball, 6D)
Batting: LHB Jeff Stevens 0-0: Called Strike
0-1: Foul Ball, location: 2F
0-2: SINGLE (Flyball, 7LS)
José Sosa to second
Batting: LHB Paul Cotton 0-0: Called Strike
0-1: Ball
1-1: Foul Ball, location: 2F
1-2: Fielders Choice at 2nd, 3-6 (Groundball, 34)
José Sosa to third
Batting: RHB Lorenzo Cintrón 0-0: Foul Ball, location: 2F
0-1: Fielders Choice at 2nd, 5-4 (Groundball, 5)
Top of the 3rd over - 0 run(s), 2 hit(s), 0 error(s), 1 left on base; Florida State 0 - Nebraska 0
BOTTOM OF THE 3RD
Nebraska Cornhuskers batting - Pitching for Florida State Seminoles : RHP Greg Thornton
Batting: RHB António Rodríguez 0-0: Fly out, F7 (Flyball, 7LMF)
Batting: SHB Carl Rivers 0-0: Ball
1-0: Ball
2-0: Called Strike
2-1: Ball
3-1: Foul Ball, location: 2F
3-2: Base on Balls
Batting: RHB Júlio Franco 0-0: Called Strike
0-1: Foul Ball, location: 2F
0-2: Ball
1-2: Fielders Choice at 2nd, 5-4 (Groundball, 5D)
Batting: SHB Pete Albert 0-0: Called Strike
0-1: Swinging Strike
0-2: Strikes out looking
Bottom of the 3rd over - 0 run(s), 0 hit(s), 0 error(s), 1 left on base; Florida State 0 - Nebraska 0
TOP OF THE 4TH
Florida State Seminoles batting - Pitching for Nebraska Cornhuskers : RHP Tyrone Ball
Batting: RHB Rubén Hernández 0-0: Ball
1-0: Ball
2-0: Foul Ball, location: 2F
2-1: Called Strike
2-2: Strikes out looking
Batting: RHB Quentin Underwood 0-0: Ball
1-0: Foul Ball, location: 2F
1-1: Ball
2-1: Foul Ball, location: 2F
2-2: Ball
3-2: Fly out, F8 (Line Drive, 89M)
Batting: RHB Eugene Fisher 0-0: Fly out, F9 (Flyball, 9LSF)
Top of the 4th over - 0 run(s), 0 hit(s), 0 error(s), 0 left on base; Florida State 0 - Nebraska 0
BOTTOM OF THE 4TH
Nebraska Cornhuskers batting - Pitching for Florida State Seminoles : RHP Greg Thornton
Batting: LHB José Pérez 0-0: Swinging Strike
0-1: Ball
1-1: Ball
2-1: Fly out, F2 (Popup, 2L)
Batting: LHB Phil Krieger 0-0: Foul Ball, location: 2F
0-1: Ball
1-1: Foul Ball, location: 2F
1-2: Strikes out swinging
Batting: RHB Michael Reed 0-0: Called Strike
0-1: Swinging Strike
0-2: SINGLE (Flyball, 8LS)
Batting: LHB Darrell Beard 0-0: SINGLE (Groundball, 34D)
Michael Reed to second
Runner from 2nd tries for 3rd, SAFE, throw made to third
Batting: RHB Jeffery Taylor 0-0: Called Strike
0-1: Ball
1-1: Ball
2-1: Called Strike
2-2: Ball
3-2: Base on Balls
Darrell Beard to second
Batting: RHB António Rodríguez 0-0: Foul Ball, location: 2F
0-1: Ball
1-1: Swinging Strike
1-2: Ground out 5-3 (Groundball, 56)
Bottom of the 4th over - 0 run(s), 2 hit(s), 0 error(s), 3 left on base; Florida State 0 - Nebraska 0
TOP OF THE 5TH
Florida State Seminoles batting - Pitching for Nebraska Cornhuskers : RHP Tyrone Ball
Batting: RHB John Newman 0-0: Called Strike
0-1: Ground out 5-3 (Groundball, 56)
Batting: RHB Dennis Curran 0-0: Called Strike
0-1: Fly out, F7 (Flyball, 7S)
Batting: RHB José Sosa 0-0: Called Strike
0-1: Fly out, F9 (Flyball, 9S)
Top of the 5th over - 0 run(s), 0 hit(s), 0 error(s), 0 left on base; Florida State 0 - Nebraska 0
BOTTOM OF THE 5TH
Nebraska Cornhuskers batting - Pitching for Florida State Seminoles : RHP Greg Thornton
Batting: SHB Carl Rivers 0-0: Fly out, F4 (Line Drive, 4)
Batting: RHB Júlio Franco 0-0: Ball
1-0: Swinging Strike
1-1: Ground out 5-3 (Groundball, 25)
Batting: SHB Pete Albert 0-0: DOUBLE (Line Drive, 89D)
Batting: LHB José Pérez 0-0: Ball
1-0: Ball
2-0: Ball
3-0: Called Strike
3-1: SINGLE (Line Drive, 6MD)
Pete Albert to third
Runner from 3rd tries for Home, SAFE, throw made home
José Pérez to second
Batting: LHB Phil Krieger 0-0: Ball
1-0: Foul Ball, location: 2F
1-1: Ground out U3 (Groundball, 3)
Bottom of the 5th over - 1 run(s), 2 hit(s), 0 error(s), 1 left on base; Florida State 0 - Nebraska 1
TOP OF THE 6TH
Florida State Seminoles batting - Pitching for Nebraska Cornhuskers : RHP Tyrone Ball
Batting: LHB Jeff Stevens 0-0: Ball
1-0: Called Strike
1-1: Foul Ball, location: 2F
1-2: Strikes out looking
Batting: LHB Paul Cotton 0-0: Called Strike
0-1: Fly out, F8 (Flyball, 8LM)
Batting: RHB Lorenzo Cintrón 0-0: Ball
1-0: Foul Ball, location: 2F
1-1: Ball
2-1: Foul Ball, location: 2F
2-2: Foul Ball, location: 2F
2-2: Foul Ball, location: 2F
2-2: Foul Ball, location: 2F
2-2: SINGLE (Line Drive, 6MD)
Batting: RHB Rubén Hernández 0-0: Called Strike
0-1: Ball
1-1: Foul Ball, location: 2F
1-2: Strikes out swinging
Top of the 6th over - 0 run(s), 1 hit(s), 0 error(s), 1 left on base; Florida State 0 - Nebraska 1
BOTTOM OF THE 6TH
Nebraska Cornhuskers batting - Pitching for Florida State Seminoles : RHP Greg Thornton
Batting: RHB Michael Reed 0-0: Ball
1-0: SINGLE (Flyball, 8RM)
Batting: LHB Darrell Beard 0-0: Called Strike
0-1: Ball
1-1: Ball
2-1: Ball
3-1: Base on Balls
Michael Reed to second
Batting: RHB Jeffery Taylor 0-0: Ball
1-0: Ground out 6-3 (Groundball, 56D)
Michael Reed to third
Darrell Beard to second
Batting: RHB António Rodríguez 0-0: Ball
1-0: Ground out 5-3 (Groundball, 5L)
Batting: SHB Carl Rivers 0-0: Ball
1-0: Ball
2-0: Ball
3-0: Called Strike
3-1: Called Strike
3-2: Foul Ball, location: 2F
3-2: Foul Ball, location: 2F
3-2: Base on Balls
Pitching: LHP Steven Kirk
Batting: RHB Júlio Franco 0-0: Ball
1-0: Called Strike
1-1: Ground out 3-1 (Groundball, 34)
Bottom of the 6th over - 0 run(s), 1 hit(s), 0 error(s), 3 left on base; Florida State 0 - Nebraska 1
TOP OF THE 7TH
Florida State Seminoles batting - Pitching for Nebraska Cornhuskers : RHP Tyrone Ball
Batting: RHB Quentin Underwood 0-0: Ball
1-0: Ball
2-0: Ball
3-0: Foul Ball, location: 2F
3-1: Foul Ball, location: 2F
3-2: SINGLE (Groundball, 6S) (infield hit)
Pitching: RHP Jorge Arellano
Batting: RHB Eugene Fisher 0-0: Swinging Strike
0-1: Ball
1-1: Grounds into double play, 6-4-3 (Groundball, 6M)
Batting: RHB John Newman 0-0: Ball
1-0: Ball
2-0: Ball
3-0: Called Strike
3-1: Base on Balls
Pinch Hitting: LHB Allan Bates 0-0: Ball
1-0: Ball
2-0: Swinging Strike
2-1: Foul Ball, location: 2F
2-2: Strikes out swinging
Top of the 7th over - 0 run(s), 1 hit(s), 0 error(s), 1 left on base; Florida State 0 - Nebraska 1
BOTTOM OF THE 7TH
Nebraska Cornhuskers batting - Pitching for Florida State Seminoles : LHP Steven Kirk
Now in LF: Allan Bates
Batting: SHB Pete Albert 0-0: Called Strike
0-1: Ball
1-1: Foul Ball, location: 2F
1-2: Strikes out swinging
Batting: LHB José Pérez 0-0: Called Strike
0-1: Foul Ball, location: 2F
0-2: Foul Ball, location: 2F
0-2: Ball
1-2: Strikes out looking
Batting: LHB Phil Krieger 0-0: Ground out 5-3 (Groundball, 56S)
Bottom of the 7th over - 0 run(s), 0 hit(s), 0 error(s), 0 left on base; Florida State 0 - Nebraska 1
TOP OF THE 8TH
Florida State Seminoles batting - Pitching for Nebraska Cornhuskers : RHP Jorge Arellano
Pitching: RHP Orlando Martínez
Batting: RHB José Sosa 0-0: Ground out U3 (Groundball, 3)
Pitching: LHP Roger James
Batting: LHB Jeff Stevens 0-0: Called Strike
0-1: Ball
1-1: SINGLE (Groundball, 4D)
Batting: LHB Paul Cotton 0-0: Ball
1-0: Called Strike
1-1: Fly out, F9 (Flyball, 9LMF)
Pitching: RHP Bill Morrow
Batting: RHB Lorenzo Cintrón 0-0: SINGLE (Groundball, 25) (infield hit)
Jeff Stevens to second
Batting: RHB Rubén Hernández 0-0: Called Strike
0-1: Swinging Strike
0-2: Ball
1-2: 3-RUN HOME RUN (Flyball, 78XD), Distance : 362 ft
Pitching: RHP Troy Larsen
Batting: RHB Quentin Underwood 0-0: Called Strike
0-1: Ball
1-1: Foul Ball, location: 2F
1-2: Foul Ball, location: 2F
1-2: Ball
2-2: Ball
3-2: SINGLE (Groundball, 4D)
Batting: RHB Eugene Fisher 0-0: Ball
1-0: Called Strike
1-1: Ball
2-1: Ball
3-1: SINGLE (Groundball, 4MD)
Quentin Underwood to second
Batting: RHB John Newman 0-0: Fly out, F7 (Flyball, 7)
Top of the 8th over - 3 run(s), 5 hit(s), 0 error(s), 2 left on base; Florida State 3 - Nebraska 1
BOTTOM OF THE 8TH
Nebraska Cornhuskers batting - Pitching for Florida State Seminoles : LHP Steven Kirk
Batting: RHB Michael Reed 0-0: Called Strike
0-1: Ball
1-1: Foul Ball, location: 2F
1-2: Fly out, F8 (Flyball, 89S)
Batting: LHB Darrell Beard 0-0: Ball
1-0: Ball
2-0: Foul Ball, location: 2F
2-1: Ball
3-1: Called Strike
3-2: Base on Balls
Pitching: RHP José Amaya
Batting: RHB Jeffery Taylor 0-0: Ball
1-0: Ground out 5-3 (Groundball, 56S)
Darrell Beard to second
Batting: RHB António Rodríguez 0-0: Ball
1-0: Ball
2-0: Ball
3-0: Called Strike
3-1: Called Strike
3-2: Strikes out swinging
Bottom of the 8th over - 0 run(s), 0 hit(s), 0 error(s), 1 left on base; Florida State 3 - Nebraska 1
TOP OF THE 9TH
Florida State Seminoles batting - Pitching for Nebraska Cornhuskers : RHP Troy Larsen
Batting: LHB Allan Bates 0-0: Ball
1-0: Ball
2-0: Ball
3-0: Called Strike
3-1: Base on Balls
Batting: RHB José Sosa 0-0: Bunt missed!
0-1: Bunted foul
0-2: Strikes out looking
Batting: LHB Jeff Stevens 0-0: Ball
1-0: Fly out, F8 (Flyball, 8RD)
Batting: LHB Paul Cotton 0-0: Ball
1-0: Ground out U3 (Groundball, 3)
Top of the 9th over - 0 run(s), 0 hit(s), 0 error(s), 1 left on base; Florida State 3 - Nebraska 1
BOTTOM OF THE 9TH
Nebraska Cornhuskers batting - Pitching for Florida State Seminoles : RHP José Amaya
Pitching: LHP Carlos Ramos
Batting: SHB Carl Rivers 0-0: Ball
1-0: Ball
2-0: Called Strike
2-1: Ball
3-1: Base on Balls
Pinch Hitting: RHB Miguel García 0-0: Ball
1-0: Called Strike
1-1: Ball
2-1: Ball
3-1: Base on Balls
Carl Rivers to second
Batting: SHB Pete Albert 0-0: Swinging Strike
0-1: Ball
1-1: Ball
2-1: SINGLE (Flyball, 9LS)
Carl Rivers to third
Miguel García to second
Batting: LHB José Pérez 0-0: Fly out, F9 (Flyball, 9)
Runner from 3rd tags up, SCORES, no throw
Batting: LHB Phil Krieger 0-0: Called Strike
0-1: Called Strike
0-2: Ball
1-2: Foul Ball, location: 2F
1-2: Ball
2-2: Ground out U3 (Groundball, 3S)
Miguel García to third
Pete Albert to second
Batting: RHB Michael Reed 0-0: Called Strike
0-1: Ball
1-1: Ball
2-1: Ball
3-1: Base on Balls
Batting: LHB Darrell Beard 0-0: Foul Ball, location: 2F
0-1: Ball
1-1: Ball
2-1: Ball
3-1: Foul Ball, location: 2F
3-2: Foul Ball, location: 2F
3-2: Foul Ball, location: 2F
3-2: Base on Balls
Miguel García scores
Pete Albert to third
Michael Reed to second
Pitching: RHP John Jensen
Batting: RHB Jeffery Taylor 0-0: Called Strike
0-1: Ball
1-1: Called Strike
1-2: Strikes out swinging
Bottom of the 9th over - 2 run(s), 1 hit(s), 0 error(s), 3 left on base; Florida State 3 - Nebraska 3
TOP OF THE 10TH
Florida State Seminoles batting - Pitching for Nebraska Cornhuskers : RHP Troy Larsen
Pitching: RHP Mike Fisher
Now in CF: Miguel García
Batting: RHB Lorenzo Cintrón 0-0: Called Strike
0-1: Ball
1-1: Called Strike
1-2: Ball
2-2: Strikes out swinging
Batting: RHB Rubén Hernández 0-0: Ball
1-0: Ball
2-0: Called Strike
2-1: Called Strike
2-2: Strikes out looking
Batting: RHB Quentin Underwood 0-0: Ball
1-0: Ball
2-0: Fly out, F8 (Flyball, 8LM)
Top of the 10th over - 0 run(s), 0 hit(s), 0 error(s), 0 left on base; Florida State 3 - Nebraska 3
BOTTOM OF THE 10TH
Nebraska Cornhuskers batting - Pitching for Florida State Seminoles : RHP John Jensen
Batting: RHB António Rodríguez 0-0: SOLO HOME RUN (Flyball, 8LXD), Distance : 396 ft
Thursday, March 30th, 2017 - OOTP Baseball 17.12 Build 75